 Dungeon Crawl Stone Soup version 0.30-a0-145-g03d90e2e6d (webtiles) character file.

Game seed: 15983603443149086888

37950 qw the Cleaver (level 14, -7/90 HPs)
             Began as a Gargoyle Fighter on Sept 26, 2022.
             Was a High Priest of Okawaru.
             Mangled by a death yak (9 damage)
             ... on level 5 of the Lair of Beasts.
             The game lasted 00:06:22 (14899 turns).

qw the Cleaver (Gargoyle Fighter)                  Turns: 14899, Time: 00:06:22

Health: -7/90      AC: 39    Str: 25    XL:     14   Next: 0%
Magic:  17/21      EV: 16    Int:  6    God:    Okawaru [*****.]
Gold:   581        SH:  7    Dex: 17    Spells: 13/13 levels left

rFire   + . .      SeeInvis +    Y - +7 war axe (protect)
rCold   . . .      Faith    .    c - +0 buckler
rNeg    + . .      Spirit   .    q - +0 plate armour
rPois   inf        Reflect  .    b - +2 hat of Lust {rPois Int-3 Dex+8 SInv}
rElec   +          Harm     .    (no cloak)
rCorr   .          Rampage  .    v - +0 pair of gloves
Will    +....                    l - +0 pair of boots
Stlth   ..........               (no amulet)
HPRegen 0.25/turn                g - +4 ring of evasion
MPRegen 0.17/turn                i - ring of protection from fire

@: heroic, finesse-ful, under a protective aura, flying
A: sickness immunity, AC +10, big wings, negative energy resistance 1,
electricity resistance, torment resistance 1, petrification resistance
a: Renounce Religion, Heroism, Finesse, Duel


You were on level 5 of the Lair of Beasts.
You worshipped Okawaru.
Okawaru was extremely pleased with you.
You visited 3 branches of the dungeon, and saw 16 of its levels.

You collected 828 gold pieces.
You spent 247 gold pieces at shops.


Innate Abilities, Weirdness & Mutations

You are immune to sickness and miasma.
Your stone body is resilient. (AC +10)
You are immune to poison.
Your large and strong wings let you fly.
You resist negative energy. (rN+)
You are resistant to electric shocks. (rElec)
You are resistant to unholy torment.
You are immune to petrification.


   Skills:
 - Level 11.0(16.0) Fighting
 + Level 14.7(19.7) Axes
 - Level 3.1(8.1) Throwing
 - Level 10.0(15.0) Armour
 - Level 4.1(9.1) Dodging
 - Level 7.0(12.0) Shields
 - Level 10.0 Invocations


You had 13 spell levels left.
You didn't know any spells.
Your spell library was empty.

Inventory:

Hand Weapons
 n - a +0 flail
 Y - a +7 war axe of protection (weapon)
Armour
 b - the +2 hat of Lust (worn) {rPois Int-3 Dex+8 SInv}
   (You found it on level 10 of the Dungeon)

   Int:       It affects your intelligence (-3).
   Dex:       It affects your dexterity (+8).
   rPois:     It protects you from poison.
   SInv:      It lets you see invisible.
 c - a +0 buckler (worn)
 l - a +0 pair of boots (worn)
 m - +0 acid dragon scales
 q - a +0 plate armour (worn)
 u - the +15 Maxwell's patent armour {-Cast -Tele rElec Will+ rCorr}
   (Okawaru gifted it to you on level 2 of the Lair of Beasts)

   rElec:     It insulates you from electricity.
   -Cast:     It prevents spellcasting.
   -Tele:     It prevents most forms of teleportation.
   rCorr:     It protects you from acid and corrosion.
   Will:      It increases your willpower.
 v - a +0 pair of gloves (worn)
Jewellery
 g - a +4 ring of evasion (left hand)
 i - a ring of protection from fire (right hand)
 j - a +6 ring of dexterity
 k - a ring of protection from cold
Scrolls
 p - 8 scrolls of identify
Potions
 a - 5 potions of haste
 d - 4 potions of might
 e - a potion of attraction
 f - a potion of mutation
 h - 7 potions of curing
 o - a potion of cancellation
 r - 2 potions of lignification
 t - a potion of magic

Dungeon Overview and Level Annotations

Branches:
Dungeon (11/15)            Temple (1/1) D:6            Lair (3/5) D:11
  Snake (0/4) Lair:2          Orc (0/2) D:9
  Swamp: Lair:2-3    Shoals: Lair:2-3

Altars:
Ashenzari
Cheibriados
Dithmenos
Elyvilon
Fedhas
Gozag
Hepliaklqana
Kikubaaqudgha
Makhleb
Nemelex Xobeh
Okawaru
Qazlal
Ru
Sif Muna
Trog
Uskayaw
Vehumet
Wu Jian
Xom
Yredelemnul
Zin
The Shining One

Shops:
D:2 [[:   D:7 ?


Message History

You slash the death yak!
The death yak is almost dead.
You hit the death yak. You hit the death yak but do no damage.
The death yak is almost dead.
You hit the death yak but do no damage. The death yak misses you.
The death yak gores you but does no damage.
You slice the death yak!!
You kill the death yak!
Okawaru is honoured by your kill.
You slash the death yak! You hit the death yak.
The death yak is heavily wounded.
A water moccasin comes into view.
The water moccasin hisses angrily.
You slash the death yak!
The death yak is heavily wounded.
You hear a loud, deep croak!
A fire crab comes into view.
You hear a loud, deep croak!
You slice the death yak!!
The death yak is almost dead.
You hit the death yak but do no damage.
You hear a croak.
You slice the death yak!!
You kill the death yak!
Okawaru accepts your kill.
You hit the death yak but do no damage. The death yak gores you!
You have reached level 14!
Your wings grow larger and stronger.
You slash the death yak!
The death yak is lightly wounded.
You barely miss the death yak.
The death yak is lightly wounded.
You slash the death yak!
The death yak is moderately wounded.
The death yak gores you!
You die...

7777...777 777..######
7........777 77...#.#
.......#......777...####
......#.#...##.##...#
.#...######.....###.#
#..# ###..## ### #..
#...# .# ##.## #Y@#
#.Y## ##Y# #.Y #W#


SY# Yt. .8 You could see 3 death yaks, a fire crab, 2 yaks, a wraith and a water
moccasin.

Vanquished Creatures
  A dire elephant (Lair:5)
  A hydra (Lair:2)
  Harold (D:11)
  Erolcha (D:9)
  Erica (D:9)
  15 death yaks
  4 oklob plants
  A cyclops (D:11)
  A manticore (D:11)
  5 black mambas
  8 cane toads
  A rime drake (Lair:2)
  13 komodo dragons
  3 polar bears
  3 trolls
  A hornet (D:8)
  Grinder (D:5)
  5 blink frogs
  A spriggan (Lair:1)
  A shadow (D:11)
  A basilisk (Lair:1)
  2 wraiths (D:11)
  35 yaks
  A steam dragon (D:9)
  A warg (D:9)
  4 acid dragons
  10 water moccasins
  Duvessa (D:6)
  An ice beast (D:5)
  4 orc warriors
  A sky beast (D:6)
  3 black bears
  An ogre (D:7)
  6 wolves
  2 centaurs
  2 phantoms (D:5)
  3 kobold brigands
  Blork the orc (D:6)
  6 bullfrogs
  4 necrophages
  3 scorpions
  Dowan (D:6)
  16 wights
  37 killer bees
  2 howler monkeys (D:11)
  A hound (D:5)
  5 jellies
  5 orc priests
  2 gnoll boudas
  Ijyb (D:5)
  3 orc wizards
  9 iguanas
  Robin (D:3)
  8 adders
  8 gnolls
  2 shadow imps
  A white imp (D:8)
  An ufetubus (D:4)
  A worm (D:2)
  4 dart slugs
  35 orcs
  6 endoplasms
  8 giant cockroaches
  16 goblins
  5 hobgoblins
  6 jackals
  3 quokkas
  7 ball pythons
  4 bats
  4 frilled lizards
  23 kobolds
  7 rats
  A spectral kobold (D:1)
393 creatures vanquished.

Vanquished Creatures (others)
  10 fungi
  36 plants
46 creatures vanquished.

Grand Total: 439 creatures vanquished

Notes
Turn   | Place    | Note
-------+----------+-------------------------------------------
     0 | D:1      | qw the Gargoyle Fighter began the quest for the Orb.
     0 | D:1      | Reached XP level 1. HP: 14/14 MP: 1/1
     0 | D:1      | 0 ||| qw: Version: 0.2-a-10-g399e6c4
     0 | D:1      | 0 ||| qw: Game counter: 510
     0 | D:1      | 0 ||| qw: Always use a shield: true
     0 | D:1      | 0 ||| qw: God list: Okawaru
     0 | D:1      | 0 ||| qw: Allow faded altars: false
     0 | D:1      | 0 ||| qw: Do Orc after D:15 true
     0 | D:1      | 0 ||| qw: Do second Lair branch before Depths: true
     0 | D:1      | 0 ||| qw: Lair rune preference: random
     0 | D:1      | 0 ||| qw: Plans: Normal, Zot:1-4, God:TSO, Crypt, Tomb,
                  | Pan, Slime:5, Hells, Abyss, Orb
     0 | D:1      | 0 ||| PLANNING D:1-11
    45 | D:1      | 45 ||| Stepping ~*~*~tactically~*~*~ (stealth).
    50 | D:1      | Reached skill level 2 in Axes
    55 | D:1      | 55 ||| Stepping ~*~*~tactically~*~*~ (stealth).
    57 | D:1      | 57 ||| Stepping ~*~*~tactically~*~*~ (stealth).
   178 | D:1      | Reached XP level 2. HP: 19/19 MP: 2/2
   572 | D:1      | Reached skill level 3 in Axes
   604 | D:1      | Reached XP level 3. HP: 21/23 MP: 3/3
   981 | D:1      | Found a faded altar of an unknown god.
  1269 | D:1      | 1269 ||| UPGRADING to +4 ring of evasion.
  1270 | D:1      | 1270 ||| READING scroll labelled KINUORE DUGH.
  1271 | D:1      | 1271 ||| READING scroll labelled JILLOT TIMELI.
  1372 | D:1      | 1372 ||| READING scroll labelled OLAIRE FAC CUJ.
  1421 | D:2      | Found Neuno's Armour Shoppe.
  1424 | D:2      | 1424 ||| SHOPLISTING +3 plate armour of willpower (585
                  | gold, have 30).
  1424 | D:2      | 1424 ||| SHOPLISTING +3 ring mail of cold resistance (338
                  | gold, have 30).
  1424 | D:2      | 1424 ||| SHOPLISTING +3 ring mail of poison resistance (299
                  | gold, have 30).
  1424 | D:2      | 1424 ||| SHOPLISTING +4 ring mail of the Equator {Harm
                  | rPois rF+ Dex+3} (630 gold, have 30).
  1592 | D:2      | 1592 ||| Stepping ~*~*~tactically~*~*~ (stealth).
  1593 | D:2      | 1593 ||| Stepping ~*~*~tactically~*~*~ (stealth).
  1733 | D:2      | Found Bexolu's Book Emporium.
  1737 | D:2      | Found Atadaklo's Antique Armour Shop.
  1778 | D:2      | 1778 ||| SHOPLISTING glowing chain mail (210 gold, have
                  | 51).
  1778 | D:2      | 1778 ||| SHOPLISTING glowing leather armour (140 gold, have
                  | 51).
  1778 | D:2      | 1778 ||| SHOPLISTING glowing plate armour (728 gold, have
                  | 51).
  1778 | D:2      | 1778 ||| SHOPLISTING runed plate armour (728 gold, have
                  | 51).
  1778 | D:2      | 1778 ||| SHOPLISTING shiny ring mail (196 gold, have 51).
  1901 | D:2      | 1901 ||| Stepping ~*~*~tactically~*~*~ (stealth).
  1905 | D:2      | Reached XP level 4. HP: 28/28 MP: 4/4
  2090 | D:2      | 2090 ||| Stepping ~*~*~tactically~*~*~ (stealth).
  2091 | D:2      | 2091 ||| Stepping ~*~*~tactically~*~*~ (stealth).
  2103 | D:2      | Reached skill level 4 in Axes
  2104 | D:2      | Found a white marble altar of Elyvilon.
  2328 | D:2      | 2328 ||| READING scroll labelled HOUCHAH DECLE.
  2329 | D:2      | 2329 ||| DRINKING 2 sedimented inky potions.
  2330 | D:2      | 2330 ||| DRINKING 2 red potions.
  2377 | D:3      | Found a blossoming altar of Fedhas.
  2508 | D:3      | Noticed Robin
  2509 | D:3      | 2509 ||| Stepping ~*~*~tactically~*~*~ (hiding).
  2520 | D:3      | Killed Robin
  2553 | D:3      | 2553 ||| Stepping ~*~*~tactically~*~*~ (stealth).
  2554 | D:3      | 2554 ||| Stepping ~*~*~tactically~*~*~ (stealth).
  2561 | D:3      | Noticed a necrophage
  2571 | D:3      | 2571 ||| Stepping ~*~*~tactically~*~*~ (stealth).
  2573 | D:3      | Killed a necrophage
  2574 | D:3      | Reached skill level 5 in Axes
  2574 | D:3      | Reached XP level 5. HP: 26/32 MP: 5/5
  2618 | D:3      | 2618 ||| Stepping ~*~*~tactically~*~*~ (stealth).
  2620 | D:3      | 2620 ||| Stepping ~*~*~tactically~*~*~ (stealth).
  3097 | D:3      | 3097 ||| UPGRADING to +0 helmet.
  3102 | D:3      | 3102 ||| READING scroll labelled PUZOGE OMPEYDO.
  3106 | D:3      | 3106 ||| READING scroll labelled ZUMAAM DIQAZXUIWK.
  3107 | D:3      | 3107 ||| READING 2 scrolls labelled AMUMMO RUOPS.
  3108 | D:3      | 3108 ||| READING scroll labelled LOETAELUAR.
  3109 | D:3      | 3109 ||| READING scroll labelled KITAEL CAKK.
  3110 | D:3      | 3110 ||| DROPPING scroll of noise.
  3170 | D:4      | 3170 ||| Stepping ~*~*~tactically~*~*~ (stealth).
  3172 | D:4      | 3172 ||| Stepping ~*~*~tactically~*~*~ (stealth).
  3173 | D:4      | 3173 ||| Stepping ~*~*~tactically~*~*~ (stealth).
  3175 | D:4      | 3175 ||| Stepping ~*~*~tactically~*~*~ (stealth).
  3228 | D:4      | Reached XP level 6. HP: 35/39 MP: 6/6
  3237 | D:4      | Reached skill level 1 in Dodging
  3467 | D:4      | Found a snail-covered altar of Cheibriados.
  3501 | D:4      | 3501 ||| Stepping ~*~*~tactically~*~*~ (stealth).
  3637 | D:4      | Reached XP level 7. HP: 38/44 MP: 7/7
  3953 | D:4      | 3953 ||| DROPPING +1 leather armour of positive energy.
  3954 | D:4      | 3954 ||| UPGRADING to +6 ring of dexterity.
  3955 | D:4      | 3955 ||| READING scroll labelled ROTHEZORACH.
  3956 | D:4      | 3956 ||| READING scroll labelled ZUDALL JOSYENA.
  3957 | D:4      | 3957 ||| READING scroll labelled KIWAHAWEUKK.
  3958 | D:4      | 3958 ||| DRINKING 2 black potions.
  4062 | D:4      | 4062 ||| DROPPING potion of berserk rage.
  4088 | D:5      | Entered Level 5 of the Dungeon
  4116 | D:5      | Noticed Ijyb
  4117 | D:5      | 4117 ||| Stepping ~*~*~tactically~*~*~ (hiding).
  4118 | D:5      | 4118 ||| Stepping ~*~*~tactically~*~*~ (hiding).
  4128 | D:5      | Killed Ijyb
  4129 | D:5      | Reached skill level 6 in Axes
  4315 | D:5      | 4315 ||| DROPPING +0 vorpal mace.
  4343 | D:5      | Reached skill level 7 in Axes
  4399 | D:5      | 4399 ||| FLEEEEING.
  4400 | D:5      | 4400 ||| FLEEEEING.
  4401 | D:5      | 4401 ||| DRINKING 3 potions of curing.
  4401 | D:5      | 4401 ||| (to cure confusion)
  4414 | D:5      | Reached XP level 8. HP: 40/49 MP: 8/8
  4429 | D:5      | 4429 ||| FLEEEEING.
  4430 | D:5      | 4430 ||| FLEEEEING.
  4498 | D:5      | HP: 11/49 [orc warrior/+0 dire flail (6)]
  4499 | D:5      | 4499 ||| READING 2 scrolls of teleportation.
  4500 | D:5      | 4500 ||| DRINKING potion of heal wounds.
  4625 | D:5      | Noticed Grinder
  4626 | D:5      | 4626 ||| Stepping ~*~*~tactically~*~*~ (hiding).
  4647 | D:5      | Killed Grinder
  4876 | D:5      | 4876 ||| Stepping ~*~*~tactically~*~*~ (stealth).
  4965 | D:5      | 4965 ||| Stepping ~*~*~tactically~*~*~ (stealth).
  4988 | D:5      | Reached skill level 8 in Axes
  5029 | D:5      | 5029 ||| Stepping ~*~*~tactically~*~*~ (stealth).
  5030 | D:5      | 5030 ||| Stepping ~*~*~tactically~*~*~ (stealth).
  5316 | D:5      | 5316 ||| UPGRADING to +0 chain mail.
  5326 | D:5      | 5326 ||| DROPPING +0 scale mail.
  5327 | D:5      | 5327 ||| UPGRADING to +2 helmet.
  5337 | D:5      | 5337 ||| DROPPING +0 helmet.
  5338 | D:5      | 5338 ||| DROPPING amulet of magic regeneration.
  5339 | D:5      | 5339 ||| UPGRADING to ring of protection from fire.
  5341 | D:5      | 5341 ||| DRINKING 2 dark potions.
  5342 | D:5      | 5342 ||| READING 3 scrolls of identify.
  5342 | D:5      | 5342 ||| IDENTIFYING smoky pink potion
  5343 | D:5      | 5343 ||| READING 2 scrolls of identify.
  5343 | D:5      | 5343 ||| IDENTIFYING green potion
  5344 | D:5      | 5344 ||| DROPPING potion of degeneration.
  5398 | D:6      | 5398 ||| PLANNING SEWER
  5414 | D:6      | Noticed Blork the orc
  5422 | D:6      | Killed Blork the orc
  5423 | D:6      | Reached skill level 1 in Throwing
  5492 | D:6      | Noticed Duvessa
  5501 | D:6      | Killed Duvessa
  5502 | D:6      | Reached skill level 6 in Fighting
  5505 | D:6      | Noticed Dowan
  5513 | D:6      | Killed Dowan
  5519 | D:6      | Found a staircase to the Ecumenical Temple.
  5716 | D:6      | Reached XP level 9. HP: 55/55 MP: 9/9
  5768 | D:6      | Found a sparkling altar of Nemelex Xobeh.
  5873 | D:6      | 5873 ||| Stepping ~*~*~tactically~*~*~ (hiding).
  5950 | D:6      | 5950 ||| Stepping ~*~*~tactically~*~*~ (hiding).
  6026 | D:6      | 6026 ||| RIP SEWER
  6039 | D:6      | Found a shadowy altar of Dithmenos.
  6040 | D:6      | 6040 ||| PLANNING TEMPLE
  6040 | D:6      | 6040 ||| READING 2 scrolls of identify.
  6040 | D:6      | 6040 ||| IDENTIFYING orange potion
  6041 | D:6      | 6041 ||| DROPPING potion of flight.
  6074 | Temple   | Entered the Ecumenical Temple
  6101 | Temple   | 6101 ||| PLANNING OKAWARU WORSHIP
  6111 | Temple   | Became a worshipper of Warmaster Okawaru
  6112 | Temple   | 6112 ||| PLANNING D:1-11
  6132 | D:6      | 6132 ||| READING scroll of teleportation.
  6316 | D:7      | Reached skill level 9 in Axes
  6645 | D:7      | 6645 ||| SWAPPING to +5 war axe.
  6646 | D:7      | 6646 ||| DROPPING +1 war axe of draining.
  6762 | D:7      | 6762 ||| Stepping ~*~*~tactically~*~*~ (stealth).
  6765 | D:7      | Reached * piety under Okawaru
  6792 | D:7      | 6792 ||| INVOKING Heroism.
  6849 | D:7      | 6849 ||| INVOKING Heroism.
  6861 | D:7      | 6861 ||| INVOKING Heroism.
  7000 | D:7      | Found Ighivi's Magic Scroll Shoppe.
  7008 | D:7      | 7008 ||| BUYING scroll of brand weapon (142 gold).
  7008 | D:7      | Bought a scroll of brand weapon for 142 gold pieces
  7008 | D:7      | 7008 ||| BUYING scroll of identify (30 gold).
  7008 | D:7      | Bought a scroll of identify for 30 gold pieces
  7008 | D:7      | 7008 ||| BUYING scroll of identify (30 gold).
  7008 | D:7      | Bought a scroll of identify for 30 gold pieces
  7008 | D:7      | 7008 ||| BUYING scroll of teleportation (45 gold).
  7008 | D:7      | Bought a scroll of teleportation for 45 gold pieces
  7008 | D:7      | 7008 ||| READING scroll of brand weapon.
  7008 | D:7      | 7008 ||| BRANDING +5 war axe.
  7020 | D:7      | 7020 ||| READING 4 scrolls of identify.
  7020 | D:7      | 7020 ||| IDENTIFYING bubbling emerald potion
  7021 | D:7      | 7021 ||| READING 3 scrolls of identify.
  7021 | D:7      | 7021 ||| IDENTIFYING fuming grey potion
  7022 | D:7      | 7022 ||| READING 2 scrolls of identify.
  7022 | D:7      | 7022 ||| IDENTIFYING smoky black potion
  7023 | D:7      | 7023 ||| DROPPING potion of invisibility.
  7069 | D:8      | 7069 ||| Stepping ~*~*~tactically~*~*~ (stealth).
  7088 | D:8      | Reached skill level 1 in Invocations
  7113 | D:8      | 7113 ||| INVOKING Heroism.
  7114 | D:8      | 7114 ||| INVOKING Heroism.
  7135 | D:8      | 7135 ||| INVOKING Heroism.
  7174 | D:8      | Reached skill level 10 in Axes
  7180 | D:8      | 7180 ||| INVOKING Heroism.
  7183 | D:8      | Reached skill level 3 in Invocations
  7187 | D:8      | Reached XP level 10. HP: 42/63 MP: 9/12
  7239 | D:8      | 7239 ||| INVOKING Heroism.
  7368 | D:8      | Identified the +6 long sword "Myrok" {venom, Int+6}
  7570 | D:8      | 7570 ||| INVOKING Heroism.
  7589 | D:8      | Reached ** piety under Okawaru
  7689 | D:8      | 7689 ||| Stepping ~*~*~tactically~*~*~ (stealth).
  7754 | D:8      | 7754 ||| UPGRADING to +0 pair of boots.
  7759 | D:8      | 7759 ||| READING scroll labelled ADAYDUPLEN.
  7785 | D:9      | 7785 ||| STAIRDANCE
  7785 | D:9      | Noticed Erica
  7844 | D:9      | 7844 ||| STAIRDANCE
  7878 | D:9      | 7878 ||| Stepping ~*~*~tactically~*~*~ (hiding).
  7879 | D:9      | 7879 ||| INVOKING Heroism.
  7888 | D:9      | 7888 ||| DRINKING 6 potions of curing.
  7888 | D:9      | 7888 ||| (to cure confusion)
  7889 | D:9      | Killed Erica
  7890 | D:9      | Reached skill level 6 in Armour
  7920 | D:9      | 7920 ||| INVOKING Heroism.
  7947 | D:9      | Reached *** piety under Okawaru
  7949 | D:9      | 7949 ||| INVOKING Heroism.
  7955 | D:9      | Reached skill level 11 in Axes
  7963 | D:9      | Reached skill level 9 in Fighting
  7963 | D:9      | Reached XP level 11. HP: 63/71 MP: 12/14
  8005 | D:9      | 8005 ||| INVOKING Heroism.
  8009 | D:9      | Reached **** piety under Okawaru
  8034 | D:9      | 8034 ||| FLEEEEING.
  8035 | D:9      | 8035 ||| FLEEEEING.
  8058 | D:9      | 8058 ||| FLEEEEING.
  8060 | D:9      | 8060 ||| STAIRDANCE
  8125 | D:9      | 8125 ||| Stepping ~*~*~tactically~*~*~ (hiding).
  8147 | D:9      | 8147 ||| Stepping ~*~*~tactically~*~*~ (hiding).
  8148 | D:9      | 8148 ||| Stepping ~*~*~tactically~*~*~ (hiding).
  8149 | D:9      | 8149 ||| INVOKING Heroism.
  8186 | D:9      | 8186 ||| Stepping ~*~*~tactically~*~*~ (stealth).
  8200 | D:9      | 8200 ||| INVOKING Heroism.
  8229 | D:9      | 8229 ||| Stepping ~*~*~tactically~*~*~ (stealth).
  8242 | D:9      | Found a staircase to the Orcish Mines.
  8257 | D:9      | 8257 ||| Stepping ~*~*~tactically~*~*~ (stealth).
  8291 | D:9      | 8291 ||| INVOKING Heroism.
  8328 | D:9      | Noticed Erolcha
  8329 | D:9      | 8329 ||| INVOKING Heroism.
  8340 | D:9      | Killed Erolcha
  8340 | D:9      | Received a gift from Okawaru
  8348 | D:9      | 8348 ||| Stepping ~*~*~tactically~*~*~ (stealth).
  8351 | D:9      | 8351 ||| Stepping ~*~*~tactically~*~*~ (stealth).
  8352 | D:9      | 8352 ||| Stepping ~*~*~tactically~*~*~ (stealth).
  8358 | D:9      | 8358 ||| Stepping ~*~*~tactically~*~*~ (stealth).
  8362 | D:9      | 8362 ||| INVOKING Heroism.
  8460 | D:9      | 8460 ||| INVOKING Heroism.
  8470 | D:9      | Reached skill level 6 in Invocations
  8529 | D:9      | 8529 ||| READING scroll of enchant weapon.
  8529 | D:9      | 8529 ||| ENCHANTING +5 war axe of protection.
  8788 | D:9      | 8788 ||| UPGRADING to +0 plate armour.
  8798 | D:9      | 8798 ||| DROPPING +0 chain mail.
  8799 | D:9      | 8799 ||| DROPPING orb of energy.
  8800 | D:9      | 8800 ||| DROPPING ring of flight.
  8811 | D:10     | Entered Level 10 of the Dungeon
  8937 | D:10     | Found a sacrificial altar of Ru.
  8967 | D:10     | 8967 ||| Stepping ~*~*~tactically~*~*~ (stealth).
  8970 | D:10     | 8970 ||| Stepping ~*~*~tactically~*~*~ (hiding).
  8976 | D:10     | 8976 ||| Stepping ~*~*~tactically~*~*~ (stealth).
  9082 | D:10     | Identified the +2 hat of Lust {rPois Int-3 Dex+8 SInv}
  9097 | D:10     | 9097 ||| Stepping ~*~*~tactically~*~*~ (stealth).
  9099 | D:10     | 9099 ||| Stepping ~*~*~tactically~*~*~ (stealth).
  9100 | D:10     | 9100 ||| Stepping ~*~*~tactically~*~*~ (stealth).
  9101 | D:10     | 9101 ||| Stepping ~*~*~tactically~*~*~ (stealth).
  9106 | D:10     | 9106 ||| Stepping ~*~*~tactically~*~*~ (stealth).
  9216 | D:10     | 9216 ||| Stepping ~*~*~tactically~*~*~ (hiding).
  9218 | D:10     | 9218 ||| Stepping ~*~*~tactically~*~*~ (hiding).
  9220 | D:10     | 9220 ||| Stepping ~*~*~tactically~*~*~ (hiding).
  9221 | D:10     | 9221 ||| Stepping ~*~*~tactically~*~*~ (hiding).
  9222 | D:10     | 9222 ||| Stepping ~*~*~tactically~*~*~ (hiding).
  9275 | D:10     | Found a hazy altar of Hepliaklqana.
  9276 | D:10     | Found a bloodstained altar of Trog.
  9361 | D:10     | 9361 ||| INVOKING Heroism.
  9588 | D:10     | 9588 ||| UPGRADING to +2 hat of Lust {rPois Int-3 Dex+8
                  | SInv}.
  9598 | D:10     | 9598 ||| DROPPING +2 helmet.
  9599 | D:10     | 9599 ||| UPGRADING to +0 pair of gloves.
  9604 | D:10     | 9604 ||| READING 7 scrolls of identify.
  9604 | D:10     | 9604 ||| IDENTIFYING fizzy white potion
  9737 | D:11     | Reached ***** piety under Okawaru
  9816 | D:11     | Noticed a cyclops
  9817 | D:11     | 9817 ||| INVOKING Heroism.
  9825 | D:11     | Killed a cyclops
  9948 | D:11     | Noticed Harold
  9949 | D:11     | 9949 ||| INVOKING Heroism.
  9966 | D:11     | Killed Harold
 10381 | D:11     | Found a staircase to the Lair.
 10381 | D:11     | Noticed an oklob plant
 10382 | D:11     | 10382 ||| FLEEEEING.
 10522 | D:11     | 10522 ||| INVOKING Heroism.
 10523 | D:11     | 10523 ||| INVOKING Finesse.
 10525 | D:11     | Noticed an oklob plant
 10525 | D:11     | Noticed an oklob plant
 10537 | D:11     | Killed an oklob plant
 10538 | D:11     | Reached skill level 3 in Throwing
 10551 | D:11     | Killed an oklob plant
 10552 | D:11     | Reached skill level 3 in Dodging
 10556 | D:11     | Killed an oklob plant
 10798 | D:11     | Received a gift from Okawaru
 10849 | D:11     | Noticed a manticore
 10850 | D:11     | 10850 ||| INVOKING Heroism.
 10856 | D:11     | Killed a manticore
 10916 | D:11     | Reached XP level 12. HP: 73/76 MP: 18/18
 10985 | D:11     | 10985 ||| INVOKING Heroism.
 11185 | D:11     | 11185 ||| PLANNING LAIR
 11185 | D:11     | 11185 ||| DROPPING orb of wrath.
 11186 | D:11     | 11186 ||| READING 7 scrolls of identify.
 11186 | D:11     | 11186 ||| IDENTIFYING puce potion
 11187 | D:11     | 11187 ||| READING 6 scrolls of identify.
 11187 | D:11     | 11187 ||| IDENTIFYING fizzy emerald potion
 11188 | D:11     | 11188 ||| DROPPING potion of brilliance.
 11216 | Lair:1   | Entered Level 1 of the Lair of Beasts
 11259 | Lair:1   | Reached skill level 12 in Axes
 11287 | Lair:1   | Reached skill level 9 in Invocations
 11371 | Lair:1   | 11371 ||| INVOKING Heroism.
 11502 | Lair:1   | 11502 ||| Stepping ~*~*~tactically~*~*~ (stealth).
 11503 | Lair:1   | 11503 ||| Stepping ~*~*~tactically~*~*~ (stealth).
 11544 | Lair:1   | Identified the +3 rapier of Dishonour {vorpal, Will+ Str+3
                  | SInv}
 11581 | Lair:1   | 11581 ||| INVOKING Heroism.
 11594 | Lair:1   | Reached skill level 6 in Shields
 11606 | Lair:1   | 11606 ||| READING scroll of enchant weapon.
 11606 | Lair:1   | 11606 ||| ENCHANTING +6 war axe of protection.
 11619 | Lair:1   | 11619 ||| INVOKING Heroism.
 11679 | Lair:1   | 11679 ||| Stepping ~*~*~tactically~*~*~ (hiding).
 11700 | Lair:1   | 11700 ||| Stepping ~*~*~tactically~*~*~ (stealth).
 11728 | Lair:1   | 11728 ||| Stepping ~*~*~tactically~*~*~ (stealth).
 11730 | Lair:1   | 11730 ||| INVOKING Heroism.
 11731 | Lair:1   | 11731 ||| Stepping ~*~*~tactically~*~*~ (stealth).
 12099 | Lair:1   | 12099 ||| INVOKING Heroism.
 12102 | Lair:1   | Reached skill level 9 in Armour
 12207 | Lair:1   | 12207 ||| READING 9 scrolls of identify.
 12207 | Lair:1   | 12207 ||| IDENTIFYING metallic cyan potion
 12208 | Lair:1   | 12208 ||| DROPPING potion of ambrosia.
 12239 | Lair:2   | Found a staircase to the Snake Pit.
 12254 | Lair:2   | 12254 ||| INVOKING Heroism.
 12305 | Lair:2   | 12305 ||| INVOKING Heroism.
 12374 | Lair:2   | Received a gift from Okawaru
 12374 | Lair:2   | Found the +15 Maxwell's patent armour {-Cast -Tele rElec
                  | Will+ rCorr}
 12382 | Lair:2   | 12382 ||| INVOKING Heroism.
 12496 | Lair:2   | 12496 ||| Stepping ~*~*~tactically~*~*~ (hiding).
 12499 | Lair:2   | 12499 ||| Stepping ~*~*~tactically~*~*~ (hiding).
 12593 | Lair:2   | 12593 ||| INVOKING Heroism.
 12663 | Lair:2   | 12663 ||| Stepping ~*~*~tactically~*~*~ (stealth).
 12682 | Lair:2   | 12682 ||| Stepping ~*~*~tactically~*~*~ (stealth).
 12693 | Lair:2   | 12693 ||| INVOKING Heroism.
 12722 | Lair:2   | Noticed a six-headed hydra
 12723 | Lair:2   | 12723 ||| INVOKING Heroism.
 12724 | Lair:2   | 12724 ||| SWAPPING to +0 flail.
 12725 | Lair:2   | 12725 ||| INVOKING Finesse.
 12735 | Lair:2   | Killed a six-headed hydra
 12736 | Lair:2   | Reached XP level 13. HP: 82/82 MP: 13/20
 12736 | Lair:2   | 12736 ||| SWAPPING to +7 war axe of protection.
 12740 | Lair:2   | Reached skill level 13 in Axes
 12788 | Lair:2   | 12788 ||| INVOKING Heroism.
 12829 | Lair:2   | 12829 ||| INVOKING Heroism.
 12830 | Lair:2   | 12830 ||| INVOKING Finesse.
 13553 | Lair:2   | 13553 ||| DROPPING +1 hat.
 13554 | Lair:2   | 13554 ||| READING scroll labelled AWO JEQITIGONUGU.
 13670 | Lair:3   | 13670 ||| INVOKING Heroism.
 13671 | Lair:3   | 13671 ||| INVOKING Finesse.
 13681 | Lair:3   | 13681 ||| STAIRDANCE
 13964 | Lair:3   | 13964 ||| STAIRDANCE
 13973 | Lair:3   | 13973 ||| STAIRDANCE
 13975 | Lair:2   | 13975 ||| INVOKING Heroism.
 13976 | Lair:2   | 13976 ||| INVOKING Finesse.
 13984 | Lair:2   | Reached skill level 14 in Axes
 14115 | Lair:3   | 14115 ||| INVOKING Heroism.
 14119 | Lair:3   | HP: 13/82 [komodo dragon (20)]
 14120 | Lair:3   | 14120 ||| READING scroll of teleportation.
 14121 | Lair:3   | 14121 ||| DRINKING potion of heal wounds.
 14433 | Lair:3   | 14433 ||| INVOKING Heroism.
 14549 | Lair:3   | You fall into a shaft and drop 2 floors!
 14549 | Lair:5   | Entered Level 5 of the Lair of Beasts
 14566 | Lair:5   | 14566 ||| INVOKING Heroism.
 14627 | Lair:5   | Noticed a dire elephant
 14628 | Lair:5   | 14628 ||| INVOKING Heroism.
 14639 | Lair:5   | Killed a dire elephant
 14660 | Lair:5   | 14660 ||| Stepping ~*~*~tactically~*~*~ (stealth).
 14663 | Lair:5   | 14663 ||| INVOKING Heroism.
 14714 | Lair:5   | 14714 ||| INVOKING Heroism.
 14831 | Lair:5   | 14831 ||| INVOKING Heroism.
 14832 | Lair:5   | 14832 ||| INVOKING Finesse.
 14865 | Lair:5   | Identified the +1 hat "Pediaw" {*Corrode rF- Regen+ Str+6}
                  | (Okawaru gifted it to you on level 5 of the Lair of Beasts)
 14865 | Lair:5   | Received a gift from Okawaru
 14881 | Lair:5   | HP: 14/84 [death yak (14)]
 14896 | Lair:5   | HP: 2/84 [death yak (14)]
 14897 | Lair:5   | Gained mutation: Your large and strong wings let you fly.
                  | [Gargoyle growth]
 14897 | Lair:5   | Reached XP level 14. HP: 2/90 MP: 17/21
 14899 | Lair:5   | Mangled by a death yak

Levels and vault maps discovered:
D:1:      dpeg_arrival_brainrot, layout_basic,
          dreamdust_ecumenical_altar_drowned_temple, minmay_ruptured
D:2:      layout_loops_ring, serial_shops, nicolae_square_shop,
          nicolae_square_shop, nicolae_shop_behind_doors, basic_altar,
          st_stairs_13, dk_vineyard_1, dreamdust_princess_corridor
D:3:      layout_loops_ring, fedhas_altar_4, uniq_robin
D:4:      layout_basic, cheibriados_altar_1, minmay_checkerbox
D:5:      layout_loops_corners, guppyfry_early_orc_mine, uniq_ijyb, uniq_grinder
D:6:      layout_loops_ring, mainiacjoe_overflow_big_doors,
          minmay_temple_entry_statues_fountains, gup_sewer_entry_glass,
          uniq_duvessa, uniq_blork_the_orc
D:7:      layout_rooms, serial_shops, nicolae_diamond_shop
D:8:      layout_basic
D:9:      layout_cave_pools, erik_orc_3, uniq_erica, uniq_erolcha
D:10:     layout_gridville, nicolae_ru_the_path_less_chosen,
          gammafunk_temple_overflow_statue
D:11:     layout_loops_corners, dpeg_oklobed_lair, uniq_harold
Temple:   hellmonk_temple_of_storms
Lair:1:   beast_lair_carwin_large_1, layout_cave_pods,
          grunt_forest_large_clearing_hut
Lair:2:   nzn_winding_woodlands_medium [nzn_winding_woodlands_5x5_checkerboard,
          nzn_winding_woodlands_5x15_zeroes,
          nzn_winding_woodlands_5x5_closed_star,
          nzn_winding_woodlands_hourglass, nzn_winding_woodlands_center_lodge,
          nzn_winding_woodlands_5x5_perimeter,
          nzn_winding_woodlands_5x5_default, nzn_winding_woodlands_5x15_eye,
          nzn_winding_woodlands_5x5_open_star], layout_hall_layers,
          dummy_snake_entry
Lair:3:   layout_hall_layers, nicolae_swamp_entry_splash_gauntlet
Lair:5:   evil_forest, layout_loops_ring, chequers_serial_rivers_micro_b,
          serial_bayou_shore_a, grunt_megastairs_4, lemuel_fruit_tree,
          uniq_kirke, uniq_josephine

Skill      XL: |  1  2  3  4  5  6  7  8  9 10 11 12 13 |
---------------+----------------------------------------+-----
Axes           | 2 3 5 7 8 10 11 12 14 | 14.7
Fighting       | 4 5 6 7 9 10 11 | 11.0
Dodging        | 1 2 3 4 |  4.1
Throwing       | 1 3 |  3.1
Armour         | 4 5 6 7 9 10 | 10.0
Shields        | 4 5 6 7 |  7.0
Invocations    | 3 4 8 10 | 10.0

Action                   |  1- 3 |  4- 6 |  7- 9 | 10-12 | 13-15 || total
-------------------------+-------+-------+-------+-------+-------++-------
Melee: War axe           |   140 |   136 |   351 |   533 |   247 ||  1407
       Flail             |       |       |       |    10 |       ||    10
Throw: Boomerang         |       |       |    33 |    54 |       ||    87
       Javelin           |       |       |       |    17 |       ||    17
Invok: Heroism           |       |       |     6 |    29 |    11 ||    46
       Finesse           |       |       |       |     2 |     4 ||     6
  Use: Scroll            |     3 |     6 |    12 |     7 |     2 ||    30
       Potion            |       |     2 |     4 |     1 |     1 ||     8
Armor: Scale mail        |    60 |    64 |    55 |       |       ||   179
       Chain mail        |       |       |   104 |   153 |       ||   257
       Plate armour      |       |       |       |   122 |    61 ||   183
Dodge: Dodged            |    68 |    97 |   195 |   263 |    90 ||   713
Block: Buckler           |    28 |    25 |    74 |   133 |    44 ||   304

Table legend:
 A = Non-vault XP
 B = Vault XP
 C = Vault XP percentage of total XP
 D = Non-vault monster count
 E = Vault monster count
 F = Vault count percentage of total count
                 A         B        C        D         E       F
            +---------+---------+-------+---------+---------+-------
      Total |   35538 |   18677 |  34.4 |     302 |      91 |  23.2
            +---------+---------+-------+---------+---------+-------
        D:1 |      49 |       6 |  10.9 |      29 |       4 |  12.1
        D:2 |      58 |       3 |   4.9 |      23 |       2 |   8.0
        D:3 |     123 |      26 |  17.4 |       9 |       7 |  43.8
        D:4 |     304 |      98 |  24.4 |      16 |       4 |  20.0
        D:5 |     540 |     544 |  50.2 |      18 |       9 |  33.3
        D:6 |     609 |     297 |  32.8 |      16 |       3 |  15.8
        D:7 |    1151 |       0 |   0.0 |      18 |       0 |   0.0
        D:8 |    2242 |       0 |   0.0 |      38 |       0 |   0.0
        D:9 |    4838 |    2103 |  30.3 |      47 |      14 |  23.0
       D:10 |     588 |       0 |   0.0 |      11 |       0 |   0.0
       D:11 |    2986 |    2567 |  46.2 |      17 |       4 |  19.0
     Lair:1 |    4971 |    2430 |  32.8 |      20 |      13 |  39.4
     Lair:2 |    7788 |    5206 |  40.1 |      23 |      17 |  42.5
     Lair:3 |    1639 |       0 |   0.0 |       4 |       0 |   0.0
     Lair:5 |    7652 |    5397 |  41.4 |      13 |      14 |  51.9
            +---------+---------+-------+---------+---------+-------
